3A
GRAND FORKS CATERPILLARS @ PUT-IN-BAY BC
05/08/2038
 
TOP OF THE 1ST
Grand Forks Caterpillars batting - Pitching for Put-In-Bay BC : RHP Jorge Veráquez
Pitching: RHP Jorge Veráquez
Batting: SHB Manu Pakkarinen 0-0: Hit by Pitch
Batting: RHB Germán Escobar 0-0: Fly out, F7 (Flyball, 7S, EV 81.9 MPH)
Batting: LHB Norbert Ingalsbe 0-0: Swinging Strike
0-1: Ball
1-1: Foul Ball, location: 2F
1-2: Foul Ball, location: 2F
1-2: Foul Ball, location: 2F
1-2: Ball
Manu Pakkarinen steals 2nd base
2-2: Ball
3-2: Foul Ball, location: 2F
3-2: DOUBLE (Line Drive, 78M, EV 112.5 MPH)
Manu Pakkarinen scores
Batting: RHB Shao Qigang 0-0: Fly out, F5 (Popup, 5L, EV 65.6 MPH)
Batting: LHB Carlos Rosário 0-0: Ball
Wild Pitch!
Norbert Ingalsbe to third
1-0: 2-RUN HOME RUN (Flyball, 9D, EV 94.4 MPH), Distance : 382 ft
Batting: RHB John Camp 0-0: Ball
1-0: Ball
2-0: Ball
3-0: Base on Balls
Batting: LHB Armando Ventura 0-0: Swinging Strike
0-1: Foul Ball, location: 2F
0-2: Ball
1-2: Strikes out swinging
Top of the 1st over - 3 runs, 2 hits, 0 errors, 1 left on base; Grand Forks 3 - Put-In-Bay 0
BOTTOM OF THE 1ST
Put-In-Bay BC batting - Pitching for Grand Forks Caterpillars : RHP Juan Capmany
Pitching: RHP Juan Capmany
Batting: RHB Eduard Argelander 0-0: Called Strike
0-1: Fly out, F7 (Line Drive, 7, EV 91.9 MPH)
Batting: LHB Javier Castro 0-0: Ball
1-0: Ball
2-0: Called Strike
2-1: SINGLE (Line Drive, 34D, EV 95.6 MPH)
Batting: LHB Snow Wang 0-0: Called Strike
Javier Castro steals 2nd base
0-1: Ball
1-1: Ball
2-1: Foul Ball, location: 2F
2-2: SINGLE (Groundball, 4M, EV 106.9 MPH) (infield hit)
Javier Castro to third
Batting: SHB Ángel García 0-0: Ball
1-0: Ball
2-0: Ball
3-0: Called Strike
3-1: Base on Balls
Snow Wang to second
Batting: LHB Wyatt Quick 0-0: Ball
1-0: Called Strike
1-1: Foul Ball, location: 2F
1-2: Ball
2-2: Strikes out swinging
Batting: RHB Tom Hendrickson 0-0: Called Strike
0-1: Swinging Strike
0-2: Strikes out looking
Bottom of the 1st over - 0 runs, 2 hits, 0 errors, 3 left on base; Grand Forks 3 - Put-In-Bay 0
TOP OF THE 2ND
Grand Forks Caterpillars batting - Pitching for Put-In-Bay BC : RHP Jorge Veráquez
Batting: RHB Sam McConnell 0-0: Called Strike
0-1: Ball
1-1: Foul Ball, location: 2F
1-2: SINGLE (Groundball, 6D, EV 100.6 MPH)
Batting: RHB Alfredo Guerrero 0-0: Foul Ball, location: 2F
0-1: Ball
1-1: Called Strike
1-2: SINGLE (Flyball, 34D, EV 95.6 MPH)
Sam McConnell to second
Batting: SHB Manu Pakkarinen 0-0: Ball
1-0: Foul Ball, location: 2F
1-1: Called Strike
1-2: Strikes out swinging
Batting: RHB Germán Escobar 0-0: Called Strike
0-1: Foul Ball, location: 2F
0-2: Ball
1-2: Fly out, F8 (Line Drive, 8RM, EV 95.6 MPH)
Batting: LHB Norbert Ingalsbe 0-0: Fly out, F7 (Line Drive, 7, EV 110.0 MPH)
Top of the 2nd over - 0 runs, 2 hits, 0 errors, 2 left on base; Grand Forks 3 - Put-In-Bay 0
BOTTOM OF THE 2ND
Put-In-Bay BC batting - Pitching for Grand Forks Caterpillars : RHP Juan Capmany
Batting: RHB Martin Payton 0-0: Ball
1-0: Foul Ball, location: 2F
1-1: Ball
2-1: Ball
3-1: Base on Balls
Batting: RHB Kent Potter 0-0: Fly out, F7 (Flyball, 78S, EV 98.8 MPH)
Batting: RHB Victor Haley 0-0: Called Strike
0-1: Ball
1-1: Ball
2-1: SINGLE (Line Drive, 3D, EV 100.0 MPH)
Martin Payton to second
Batting: RHB Eduard Argelander 0-0: Foul Ball, location: 2F
0-1: DOUBLE (Line Drive, 9LS, EV 90.0 MPH)
Martin Payton scores
Victor Haley to third
Batting: LHB Javier Castro 0-0: Ball
1-0: Fly out, F7 (Flyball, 78D, EV 105.0 MPH)
Runner from 3rd tags up, SCORES, throw by LF
Eduard Argelander to third
Batting: LHB Snow Wang 0-0: Called Strike
0-1: Ball
1-1: Ball
2-1: Ball
3-1: Fly out, F8 (Flyball, 89D, EV 103.1 MPH)
Bottom of the 2nd over - 2 runs, 2 hits, 0 errors, 1 left on base; Grand Forks 3 - Put-In-Bay 2
TOP OF THE 3RD
Grand Forks Caterpillars batting - Pitching for Put-In-Bay BC : RHP Jorge Veráquez
Batting: RHB Shao Qigang 0-0: Swinging Strike
0-1: Ball
1-1: Fly out, F9 (Flyball, 9D, EV 75.6 MPH)
Batting: LHB Carlos Rosário 0-0: Fly out, F8 (Flyball, 89M, EV 88.8 MPH)
Batting: RHB John Camp 0-0: Ball
1-0: Ball
2-0: Foul Ball, location: 2F
2-1: Foul Ball, location: 2F
2-2: SINGLE (Line Drive, 9S, EV 109.4 MPH)
Batting: LHB Armando Ventura 0-0: Ball
1-0: Swinging Strike
1-1: Called Strike
1-2: Foul Ball, location: 2F
1-2: Ball
2-2: Foul Ball, location: 2F
2-2: Ground out 5-3 (Groundball, 56S, EV 81.2 MPH)
Top of the 3rd over - 0 runs, 1 hit, 0 errors, 1 left on base; Grand Forks 3 - Put-In-Bay 2
BOTTOM OF THE 3RD
Put-In-Bay BC batting - Pitching for Grand Forks Caterpillars : RHP Juan Capmany
Batting: SHB Ángel García 0-0: Ball
1-0: Ball
2-0: Ball
3-0: Called Strike
3-1: Swinging Strike
3-2: Base on Balls
Batting: LHB Wyatt Quick 0-0: Ball
1-0: Ball
2-0: Ball
3-0: Called Strike
3-1: Called Strike
3-2: Strikes out swinging
Batting: RHB Tom Hendrickson 0-0: Called Strike
0-1: Ball
1-1: Ball
2-1: Called Strike
2-2: Foul Ball, location: 2F
2-2: Ball
3-2: DOUBLE (Line Drive, 3D, EV 98.1 MPH)
Ángel García to third
Batting: RHB Martin Payton 0-0: Ball
1-0: Ball
2-0: Ball
3-0: Called Strike
3-1: Base on Balls
Batting: RHB Kent Potter 0-0: Ball
1-0: Called Strike
1-1: Ball
2-1: Foul Ball, location: 2F
2-2: Ball
3-2: Base on Balls
Ángel García scores
Tom Hendrickson to third
Martin Payton to second
Batting: RHB Victor Haley 0-0: Ball
1-0: Called Strike
1-1: Swinging Strike
1-2: Fly out, F8 (Flyball, 8RM, EV 83.1 MPH)
Runner from 3rd tags up, SCORES, throw by CF
Batting: RHB Eduard Argelander 0-0: Ball
1-0: Foul Ball, location: 2F
1-1: Ball
2-1: SINGLE (Groundball, 6D, EV 97.5 MPH)
Martin Payton to third
Kent Potter to second
Runner from 3rd tries for Home, throw by CF and OUT! 8-2
Bottom of the 3rd over - 2 runs, 2 hits, 0 errors, 2 left on base; Grand Forks 3 - Put-In-Bay 4
TOP OF THE 4TH
Grand Forks Caterpillars batting - Pitching for Put-In-Bay BC : RHP Jorge Veráquez
Batting: RHB Sam McConnell 0-0: Foul Ball, location: 2F
0-1: Ground out 4-3 (Groundball, 4, EV 85.0 MPH)
Batting: RHB Alfredo Guerrero 0-0: Called Strike
0-1: Ground out U3 (Groundball, 3L, EV 91.2 MPH)
Batting: SHB Manu Pakkarinen 0-0: Ball
1-0: Foul Ball, location: 2F
1-1: Swinging Strike
1-2: Fly out, F7 (Flyball, 7LS, EV 94.4 MPH)
Top of the 4th over - 0 runs, 0 hits, 0 errors, 0 left on base; Grand Forks 3 - Put-In-Bay 4
BOTTOM OF THE 4TH
Put-In-Bay BC batting - Pitching for Grand Forks Caterpillars : RHP Juan Capmany
Pitching: RHP Takuro Soma
Batting: LHB Javier Castro 0-0: Ball
1-0: Ball
2-0: Ball
3-0: Called Strike
3-1: Called Strike
3-2: Fly out, F6 (Popup, 56, EV 54.4 MPH)
Batting: LHB Snow Wang 0-0: Foul Ball, location: 2F
0-1: SINGLE (Line Drive, 4M, EV 95.0 MPH)
Batting: SHB Ángel García 0-0: Called Strike
0-1: Ball
1-1: Called Strike
1-2: Foul Ball, location: 2F
1-2: Strikes out swinging
Batting: LHB Wyatt Quick 0-0: Called Strike
0-1: Ball
1-1: Foul Ball, location: 2F
1-2: Ball
2-2: Ball
3-2: Base on Balls
Snow Wang to second
Batting: RHB Tom Hendrickson 0-0: Ball
1-0: SINGLE (Groundball, 4MD, EV 95.0 MPH)
Snow Wang to third
Wyatt Quick to second
Runner from 3rd tries for Home, SAFE, throw by CF to home
Batting: RHB Martin Payton 0-0: Ball
1-0: Called Strike
1-1: Foul Ball, location: 2F
1-2: Ball
2-2: Ball
3-2: Base on Balls
Wyatt Quick to third
Tom Hendrickson to second
Batting: RHB Kent Potter 0-0: Called Strike
0-1: Ball
1-1: Ground out 3-1 (Groundball, 3S, EV 82.5 MPH)
Bottom of the 4th over - 1 run, 2 hits, 0 errors, 3 left on base; Grand Forks 3 - Put-In-Bay 5
TOP OF THE 5TH
Grand Forks Caterpillars batting - Pitching for Put-In-Bay BC : RHP Jorge Veráquez
Batting: RHB Germán Escobar 0-0: Ball
1-0: Ball
2-0: Called Strike
2-1: Foul Ball, location: 2F
2-2: Ball
3-2: Strikes out looking
Batting: LHB Norbert Ingalsbe 0-0: Ball
1-0: Ball
2-0: Called Strike
2-1: Ball
3-1: Hit by Pitch
Batting: RHB Shao Qigang 0-0: Called Strike
0-1: Ball
1-1: Swinging Strike
1-2: Ball
2-2: Ball
3-2: Strikes out swinging
Batting: LHB Carlos Rosário 0-0: Ball
1-0: Ball
2-0: Ball
3-0: Base on Balls
Norbert Ingalsbe to second
Batting: RHB John Camp 0-0: Foul Ball, location: 2F
0-1: Ball
1-1: Called Strike
1-2: Foul Ball, location: 2F
1-2: Ball
2-2: Strikes out swinging
Top of the 5th over - 0 runs, 0 hits, 0 errors, 2 left on base; Grand Forks 3 - Put-In-Bay 5
BOTTOM OF THE 5TH
Put-In-Bay BC batting - Pitching for Grand Forks Caterpillars : RHP Takuro Soma
Batting: RHB Victor Haley 0-0: Ball
1-0: Ball
2-0: Ball
3-0: Base on Balls
Batting: RHB Eduard Argelander 0-0: Sac Bunt to 25 - play at first, batter OUT! 5-3
Victor Haley to second
Batting: LHB Javier Castro 0-0: Ball
1-0: Ball
2-0: Called Strike
2-1: Foul Ball, location: 2F
2-2: Foul Ball, location: 2F
2-2: Ball
3-2: Foul Ball, location: 2F
3-2: Foul Ball, location: 2F
3-2: Foul Ball, location: 2F
3-2: SINGLE (Flyball, 8LS, EV 89.4 MPH)
Victor Haley to third
Batting: LHB Snow Wang 0-0: Called Strike
0-1: Ball
1-1: Swinging Strike
1-2: Ball
Javier Castro is caught stealing 2nd base 2-6
2-2: Foul Ball, location: 2F
2-2: Strikes out swinging
Bottom of the 5th over - 0 runs, 1 hit, 0 errors, 1 left on base; Grand Forks 3 - Put-In-Bay 5
TOP OF THE 6TH
Grand Forks Caterpillars batting - Pitching for Put-In-Bay BC : RHP Jorge Veráquez
Batting: LHB Armando Ventura 0-0: Ball
1-0: Bunted foul
1-1: Foul Ball, location: 2F
1-2: Ball
2-2: Ball
3-2: Fly out, F5 (Popup, 56S, EV 41.2 MPH)
Pitching: LHP Shan-bo Kang
Batting: RHB Sam McConnell 0-0: Swinging Strike
0-1: Ball
1-1: Foul Ball, location: 2F
1-2: Ball
2-2: Foul Ball, location: 2F
2-2: SINGLE (Line Drive, 56D, EV 98.8 MPH)
Batting: RHB Alfredo Guerrero 0-0: Ball
1-0: Called Strike
1-1: Foul Ball, location: 2F
1-2: Foul Ball, location: 2F
1-2: SINGLE (Groundball, 56D, EV 101.9 MPH)
Sam McConnell to second
Batting: SHB Manu Pakkarinen 0-0: Foul Ball, location: 2F
0-1: Ball
1-1: Fly out, F9 (Flyball, 9LS, EV 90.0 MPH)
Batting: RHB Germán Escobar 0-0: Ball
1-0: Ball
2-0: Called Strike
2-1: Foul Ball, location: 2F
2-2: Foul Ball, location: 2F
2-2: Foul Ball, location: 2F
2-2: 3-RUN HOME RUN (Line Drive, 7D, EV 102.5 MPH), Distance : 367 ft
Pitching: RHP Terry Hall
Batting: LHB Norbert Ingalsbe 0-0: Ball
1-0: Ball
2-0: Ball
3-0: Base on Balls
Batting: RHB Shao Qigang 0-0: SINGLE (Groundball, 4MD, EV 103.8 MPH)
Norbert Ingalsbe to second
Batting: LHB Carlos Rosário 0-0: SINGLE (Line Drive, 6D, EV 101.2 MPH)
Norbert Ingalsbe to third
Shao Qigang to second
Batting: RHB John Camp 0-0: Ball
1-0: Ball
2-0: Ball
3-0: Base on Balls
Norbert Ingalsbe scores
Shao Qigang to third
Carlos Rosário to second
Batting: LHB Armando Ventura 0-0: Ball
1-0: Called Strike
1-1: Ball
2-1: Called Strike
2-2: Ball
3-2: Foul Ball, location: 2F
3-2: Base on Balls
Shao Qigang scores
Carlos Rosário to third
John Camp to second
Batting: RHB Sam McConnell 0-0: Foul Ball, location: 2F
0-1: Called Strike
0-2: Ball
1-2: Ball
2-2: DOUBLE (Flyball, 8RXD, EV 92.5 MPH)
Carlos Rosário scores
John Camp scores
Armando Ventura to third
Runner from 3rd tries for Home, SAFE, throw by CF to home
Pitching: RHP Kane Duckering
Batting: RHB Alfredo Guerrero 0-0: Called Strike
0-1: Foul Ball, location: 2F
0-2: Strikes out swinging
Top of the 6th over - 8 runs, 6 hits, 0 errors, 1 left on base; Grand Forks 11 - Put-In-Bay 5
BOTTOM OF THE 6TH
Put-In-Bay BC batting - Pitching for Grand Forks Caterpillars : RHP Takuro Soma
Batting: SHB Ángel García 0-0: Ball
1-0: Ball
2-0: Ball
3-0: Called Strike
3-1: Base on Balls
Pitching: RHP Hsin-ta Yin
Batting: LHB Wyatt Quick 0-0: Ball
1-0: Called Strike
1-1: Called Strike
1-2: SINGLE (Line Drive, 9LM, EV 111.9 MPH)
Ángel García to second
Batting: RHB Tom Hendrickson 0-0: Fielders Choice at 2nd, 4-6 (Groundball, 4, EV 81.9 MPH)
Ángel García to third
Batting: RHB Martin Payton 0-0: Ball
1-0: Called Strike
1-1: Foul Ball, location: 2F
1-2: Ball
2-2: Strikes out swinging
Batting: RHB Kent Potter 0-0: Ball
1-0: Ball
2-0: Called Strike
2-1: Ground out 4-3 (Groundball, 34, EV 94.4 MPH)
Bottom of the 6th over - 0 runs, 1 hit, 0 errors, 2 left on base; Grand Forks 11 - Put-In-Bay 5
TOP OF THE 7TH
Grand Forks Caterpillars batting - Pitching for Put-In-Bay BC : RHP Kane Duckering
Batting: SHB Manu Pakkarinen 0-0: Called Strike
0-1: SINGLE (Line Drive, 78S, EV 101.2 MPH)
Batting: RHB Germán Escobar 0-0: Called Strike
0-1: Foul Ball, location: 2F
0-2: Strikes out swinging
Batting: LHB Norbert Ingalsbe 0-0: Ball
1-0: Called Strike
1-1: Ball
2-1: 2-RUN HOME RUN (Flyball, 9D, EV 104.4 MPH), Distance : 375 ft
Batting: RHB Shao Qigang 0-0: Called Strike
0-1: Ball
1-1: Swinging Strike
1-2: Ball
2-2: Strikes out looking
Batting: LHB Carlos Rosário 0-0: Foul Ball, location: 2F
0-1: Fly out, F8 (Flyball, 8RD, EV 86.9 MPH)
Top of the 7th over - 2 runs, 2 hits, 0 errors, 0 left on base; Grand Forks 13 - Put-In-Bay 5
BOTTOM OF THE 7TH
Put-In-Bay BC batting - Pitching for Grand Forks Caterpillars : RHP Hsin-ta Yin
Pinch Hitting: LHB Arnie Ford 0-0: Called Strike
0-1: Ball
1-1: Ball
2-1: Foul Ball, location: 2F
2-2: Ball
3-2: Foul Ball, location: 2F
3-2: Fly out, F9 (Line Drive, 9D, EV 95.0 MPH)
Batting: RHB Eduard Argelander 0-0: Called Strike
0-1: Ball
1-1: Ball
2-1: Foul Ball, location: 2F
2-2: Foul Ball, location: 2F
2-2: Foul Ball, location: 2F
2-2: Foul Ball, location: 2F
2-2: Ball
3-2: SINGLE (Line Drive, 4D, EV 95.0 MPH)
Batting: LHB Javier Castro 0-0: Ball
1-0: Called Strike
1-1: Swinging Strike
1-2: Ball
Eduard Argelander steals 2nd base (no throw)
2-2: Foul Ball, location: 2F
2-2: 2-RUN HOME RUN (Line Drive, 7D, EV 104.4 MPH), Distance : 371 ft
Batting: LHB Snow Wang 0-0: Reached on error, E4 (Groundball, 4MS, EV 66.2 MPH)
Pitching: LHP Félix Cordero
Batting: SHB Ángel García 0-0: Swinging Strike
0-1: Swinging Strike
0-2: Ball
1-2: Strikes out swinging
Batting: LHB Wyatt Quick 0-0: Called Strike
0-1: Ball
1-1: Swinging Strike
1-2: Fly out, F7 (Flyball, 7LSF, EV 86.9 MPH)
Bottom of the 7th over - 2 runs, 2 hits, 1 error, 1 left on base; Grand Forks 13 - Put-In-Bay 7
TOP OF THE 8TH
Grand Forks Caterpillars batting - Pitching for Put-In-Bay BC : RHP Kane Duckering
Now at 1B: Sergio Morán
Batting: RHB John Camp 0-0: Called Strike
0-1: Foul Ball, location: 2F
0-2: Ball
1-2: Ball
2-2: Ball
3-2: Fly out, F9 (Flyball, 9LSF, EV 86.9 MPH)
Batting: LHB Armando Ventura 0-0: Called Strike
0-1: Ball
1-1: Swinging Strike
1-2: Ball
2-2: SINGLE (Line Drive, 6D, EV 106.2 MPH)
Batting: RHB Sam McConnell 0-0: Called Strike
0-1: Called Strike
Armando Ventura steals 2nd base
0-2: Strikes out swinging
Batting: RHB Alfredo Guerrero 0-0: Called Strike
0-1: Foul Ball, location: 2F
0-2: Strikes out looking
Top of the 8th over - 0 runs, 1 hit, 0 errors, 1 left on base; Grand Forks 13 - Put-In-Bay 7
BOTTOM OF THE 8TH
Put-In-Bay BC batting - Pitching for Grand Forks Caterpillars : LHP Félix Cordero
Batting: RHB Tom Hendrickson 0-0: Foul Ball, location: 2F
0-1: Called Strike
0-2: Ground out 6-3 (Groundball, 6M, EV 87.5 MPH)
Batting: RHB Martin Payton 0-0: Foul Ball, location: 2F
0-1: Swinging Strike
0-2: Strikes out swinging
Batting: RHB Kent Potter 0-0: Ball
1-0: Ball
2-0: Called Strike
2-1: SINGLE (Groundball, 56D, EV 94.4 MPH)
Batting: LHB Sergio Morán 0-0: Called Strike
0-1: Foul Ball, location: 2F
0-2: Strikes out looking
Bottom of the 8th over - 0 runs, 1 hit, 0 errors, 1 left on base; Grand Forks 13 - Put-In-Bay 7
TOP OF THE 9TH
Grand Forks Caterpillars batting - Pitching for Put-In-Bay BC : RHP Kane Duckering
Batting: SHB Manu Pakkarinen 0-0: Called Strike
0-1: Swinging Strike
0-2: Ball
1-2: Ball
2-2: Strikes out swinging, 2-3 out at first.
Batting: RHB Germán Escobar 0-0: Ball
1-0: Ball
2-0: Foul Ball, location: 2F
2-1: Swinging Strike
2-2: Strikes out swinging, 2-3 out at first.
Batting: LHB Norbert Ingalsbe 0-0: Ball
1-0: Ball
2-0: Swinging Strike
2-1: Swinging Strike
2-2: Strikes out swinging
Top of the 9th over - 0 runs, 0 hits, 0 errors, 0 left on base; Grand Forks 13 - Put-In-Bay 7
BOTTOM OF THE 9TH
Put-In-Bay BC batting - Pitching for Grand Forks Caterpillars : LHP Félix Cordero
Batting: RHB Eduard Argelander 0-0: Ball
1-0: Ball
2-0: Ball
3-0: Base on Balls
Batting: LHB Javier Castro 0-0: Called Strike
0-1: Ball
1-1: Swinging Strike
1-2: Foul Ball, location: 2F
1-2: Strikes out swinging
Pitching: RHP Yang-cheng Chen
Batting: LHB Snow Wang 0-0: Swinging Strike
0-1: Ball
1-1: Foul Ball, location: 2F
1-2: Ball
2-2: Ball
3-2: Foul Ball, location: 2F
3-2: Strikes out looking
Eduard Argelander steals 2nd base
Batter strikes out.
Batting: SHB Ángel García 0-0: Swinging Strike
0-1: 2-RUN HOME RUN (Flyball, 89XD, EV 99.4 MPH), Distance : 401 ft
Batting: LHB Wyatt Quick 0-0: Ball
1-0: Called Strike
1-1: Foul Ball, location: 2F
1-2: Foul Ball, location: 2F
1-2: Fly out, F2 (Popup, 13S, EV 87.5 MPH)
Bottom of the 9th over - 2 runs, 1 hit, 0 errors, 0 left on base; Grand Forks 13 - Put-In-Bay 9
Friday, April 17th, 2020 - OOTP Baseball 20.8 Build 74